 Dungeon Crawl Stone Soup version 0.16.2-12-gd0ad4c3 (webtiles) character file.

100 SlimeFever the Firebug (level 4, -8/24 HPs)
             Began as a Tengu Fire Elementalist on Sept 27, 2015.
             Killed by divine providence
             ... invoked by an orc priest
              (14 damage)
             ... on level 3 of the Dungeon.
             The game lasted 00:30:09 (1944 turns).

SlimeFever the Firebug (Tengu Fire Elementalist)    Turns: 1944, Time: 00:30:09

Health: -8/24      AC:  5    Str:  8    XL:     4   Next: 73%
Magic:  1/9        EV: 13    Int: 16    God:
Gold:   105        SH:  0    Dex: 15    Spells: 3 memorised, 1 level left

rFire  + . .     SeeInvis .     m - +6 club
rCold  x . .     Clarity  .     a - +2 robe
rNeg   . . .     SustAb   .     (no shield)
rPois  .         Gourm    .     (helmet restricted)
rElec  .         Spirit   .     (no cloak)
rCorr  .         Warding  .     h - +0 pair of gloves
rMut   .         Stasis   .     (boots unavailable)
MR     .....                    (no amulet)
Stlth  ++........               F - ring of flight
                                o - ring of fire

@: not resistant to hostile enchantments, unstealthy
A: beak, talons 3
a: Evoke Flight


You were on level 3 of the Dungeon.
You were hungry.

You visited 1 branch of the dungeon, and saw 3 of its levels.

You collected 105 gold pieces.

Inventory:

Hand weapons
 l - a +0 spear
 m - a +6 club (weapon)
 q - a cursed -3 flail
 t - a +0 spear
 x - a +1 dagger of speed
 y - a +0 trident
 A - a +0 falchion
 C - a +0 dagger
Missiles
 d - 39 bolts
 g - 52 stones (quivered)
 n - 31 poisoned needles
 r - 22 arrows of flame
 D - 4 tomahawks
Armour
 a - a +2 robe (worn)
 h - a +0 pair of gloves (worn)
 u - a +0 leather armour
Jewellery
 o - a ring of fire (left hand)
 F - a ring of flight (right hand)
Scrolls
 i - a scroll of remove curse
 k - 2 scrolls of recharging
Potions
 f - a potion of flight {unknown}
 j - a potion of curing {unknown}
 s - a potion of beneficial mutation {unknown}
 w - 2 potions of restore abilities {unknown}
 z - a potion of mutation {unknown}
Books
 b - a book of Flames

   Spells                             Type                      Level
   a - Flame Tongue                   Conjuration/Fire             1
   b - Throw Flame                    Conjuration/Fire             2
   c - Conjure Flame                  Conjuration/Fire             3
   d - Inner Flame                    Hexes/Fire                   3
   e - Sticky Flame                   Conjuration/Fire             4
   f - Fireball                       Conjuration/Fire             5
Comestibles
 c - 3 bread rations
 p - 2 meat rations
 v - a slice of pizza
 B - a beef jerky


   Skills:
 + Level 2.9 Dodging
 + Level 2.2 Stealth
 + Level 2.7 Spellcasting
 + Level 2.4 Conjurations
 + Level 4.4 Fire Magic


You had one spell level left.
You knew the following spells:

 Your Spells              Type           Power        Failure   Level  Hunger
a - Flame Tongue          Conj/Fire      ###..        6%          1    #......
b - Throw Flame           Conj/Fire      ###...       10%         2    ##.....
c - Sticky Flame          Conj/Fire      ###.....     50%         4    #####..


Dungeon Overview and Level Annotations

Branches:
Dungeon (3/15)

Altars:

Annotations:
D:3 eeldvark's ghost, average DsGl


Innate Abilities, Weirdness & Mutations

You have a beak for a mouth.
You have claws for feet.


Message History

* * * LOW HITPOINT WARNING * * *
You feel much better. The orc hits you with a flail.
The orc priest mumbles some strange prayers to Beogh against you.
Something smites you!
You hear a shout!
You hit the orc.
The orc is heavily wounded.
The orc closely misses you.
You barely miss the orc.
The orc shouts!
Your peck misses the orc.
The orc is heavily wounded.
The orc hits you with a flail.
* * * LOW HITPOINT WARNING * * *
You hit the orc but do no damage.
The orc is heavily wounded.
The orc priest calls down the wrath of Beogh upon you.
Something smites you!
Ouch! That really hurt!
You die...

##..# ....#
##.## ...# ####
# # #
###########
#######
#.....@ooo######
......#
#)#######o...).#
....#.# #.#
#.####.#
..#...#####.#
#o#
.###........#
#..
..#......##.#
#.#
......##.##.#
#o#
......##.##.#
#o.
##....##.##..
..#


You could see an orc priest and 3 orcs.

Vanquished Creatures
  Ijyb (D:3)
  A gnoll (D:1)
  An adder (D:2)
  A worm (D:2)
  4 giant geckos
  An ooze (D:3)
  7 orcs (D:3)
  5 hobgoblins
  A quokka (D:3)
  4 bats
  A giant newt (D:3)
  9 goblins
  8 kobolds
  A rat (D:1)
45 creatures vanquished.

Notes
Turn   | Place    | Note
--------------------------------------------------------------
     0 | D:1      | SlimeFever, the Tengu Fire Elementalist, began the quest for the Orb.
     0 | D:1      | Reached XP level 1. HP: 10/10 MP: 3/3
   159 | D:1      | You fall through a shaft!
   544 | D:2      | Reached XP level 2. HP: 15/15 MP: 3/5
   548 | D:2      | Learned a level 2 spell: Throw Flame
   980 | D:1      | Reached XP level 3. HP: 19/19 MP: 4/7
  1022 | D:1      | Reached skill level 4 in Fire Magic
  1641 | D:3      | Noticed Ijyb
  1685 | D:3      | Killed Ijyb
  1685 | D:3      | Reached XP level 4. HP: 22/24 MP: 0/9
  1703 | D:3      | Learned a level 4 spell: Sticky Flame
  1710 | D:3      | Noticed eeldvark's ghost (average DsGl)
  1944 | D:3      | Killed from afar by an orc priest

Action                   |  1- 3 |  4- 6 || total
-------------------------+-------+-------++-------
Melee: Spear             |    38 |       ||    38
       Club              |       |    30 ||    30
 Cast: Flame Tongue      |    32 |     5 ||    37
       Throw Flame       |    14 |    10 ||    24
  Use: Scroll            |     7 |     2 ||     9
       Potion            |     3 |     1 ||     4
  Eat: Bread ration      |     1 |       ||     1
